 Dungeon Sprint DCSS version 0.30-a0-58-gc0703345a7 (webtiles) character file.

Game seed: 17769162462852598386

2569 mhtbhm the Earth Mage (level 9, 0/45 HPs)
             Began as a Gargoyle Earth Elementalist on Sept 11, 2022.
             Was the Champion of Vehumet.
             Slain by a phantasmal warrior (27 damage)
             ... in the Dungeon (Sprint VII: "The Pits").
             The game lasted 00:07:53 (2315 turns).

mhtbhm the Earth Mage (Gargoyle Earth Elementalist) Turns: 2315, Time: 00:07:54

Health: 0/45       AC: 16    Str: 11    XL:     9   Next: 57%
Magic:  17/26      EV: 12    Int: 21    God:    Vehumet [******]
Gold:   0          SH:  0    Dex: 10    Spells: 15/34 levels left

rFire   . . .      SeeInvis .    k - +1 quarterstaff (protect)
rCold   . . .      Faith    .    (shield currently unavailable)
rNeg    + . .      Spirit   .    a - +0 robe
rPois   ∞          Reflect  .    (no helmet)
rElec   +          Harm     .    o - +0 cloak
rCorr   .          Rampage  .    (no gloves)
Will    .....      NoTele   +    p - +0 pair of boots
Stlth   +++.......               (no amulet)
HPRegen 0.15/turn                e - +3 ring of protection
MPRegen 0.20/turn                n - +3 ring of protection

@: weak-willed, mesmerised
A: sickness immunity, AC +6, negative energy resistance 1, electricity
resistance, torment resistance 1, petrification resistance
a: Renounce Religion


You were in the Dungeon.
You worshipped Vehumet.
Vehumet was exalted by your worship.
You visited 1 branch

Inventory:

Hand Weapons
 k - a +1 quarterstaff of protection (weapon)
Missiles
 r - 2 curare-tipped darts
Armour
 a - a +0 robe (worn)
 o - a +0 cloak (worn)
 p - a +0 pair of boots (worn)
Jewellery
 e - a +3 ring of protection (left hand)
 n - a +3 ring of protection (right hand)
Scrolls
 i - 5 scrolls of amnesia
Potions
 b - a potion of magic
 c - 7 potions of curing
 f - 7 potions of berserk rage
 g - 3 potions of haste
 h - a potion of invisibility
 l - a potion of resistance
 m - a potion of might
 q - a potion of mutation


   Skills:
 + Level 4.0 Dodging
 + Level 5.2 Stealth
 + Level 13.1 Spellcasting
 + Level 5.5 Conjurations
 + Level 4.6 Transmutations
 + Level 15.8 Earth Magic


You had 15 spell levels left.
You knew the following spells:

 Your Spells              Type           Power      Damage    Failure   Level
a - Sandblast             Erth           100%       2d20      0%          1
b - Passwall              Tmut/Erth      45%        N/A       1%          2
c - Stone Arrow           Conj/Erth      100%       3d13      1%          3
d - Petrify               Tmut/Erth      54%        N/A       1%          4
e - Foxfire               Conj/Fire      100%       2x1d9     1%          1
f - Searing Ray           Conj           74%        2d7       1%          2
g - Eringya's Noxious Bo  Tmut/Pois      11%        N/A       54%         6

Your spell library contained the following spells:

 Spells                   Type           Power      Damage    Failure   Level


Dungeon Overview and Level Annotations

Branches:
Dungeon (1/1)

Altars:
Ashenzari
Cheibriados
Dithmenos
Elyvilon
Fedhas
Gozag
Hepliaklqana
Kikubaaqudgha
Makhleb
Nemelex Xobeh
Okawaru
Qazlal
Ru
Sif Muna
Trog
Uskayaw
Vehumet
Wu Jian
Xom
Yredelemnul
Zin
The Shining One
Jiyva
Lugonu


Innate Abilities, Weirdness & Mutations

You are immune to sickness and miasma.
Your stone body is resilient. (AC +6)
You are immune to poison.
You resist negative energy. (rN+)
You are resistant to electric shocks. (rElec)
You are resistant to unholy torment.
You are immune to petrification.


Message History

Casting: Stone Arrow (safe; 1% risk of failure)
Confirm with . or Enter, or press ? or * to list all spells.
Aiming: Stone Arrow (safe; 1% risk of failure)
Press: ? - help, Shift-Dir - straight line, f/p - phantasmal warrior
Aim: a phantasmal warrior (moderately damaged, 78% to hit)
The stone arrow hits the phantasmal warrior!!
The phantasmal warrior is severely damaged.
The phantasmal warrior hits you but does no damage.
The merfolk avatar chants its luring song.
The adder zombie barely misses you.
Unknown command.
Casting: Stone Arrow (safe; 1% risk of failure)
Confirm with . or Enter, or press ? or * to list all spells.
You don't have enough magic to cast this spell.
Unknown command.
Unknown command.
Unknown command.
You feel much better. The phantasmal warrior hits you!!
Ouch! That really hurt!
Your willpower is stripped away!
The merfolk avatar chants its luring song.
The adder zombie bites you but does no damage.
Okay, then.
Okay, then.
Okay, then.
You aren't carrying any items that you can evoke.
Unknown command.
You feel better.
The phantasmal warrior closely misses you.
The merfolk avatar chants its luring song.
The adder zombie closely misses you.
Casting: Stone Arrow (safe; 1% risk of failure)
Confirm with . or Enter, or press ? or * to list all spells.
Aiming: Sandblast (safe; 0% risk of failure)
Press: ? - help, Shift-Dir - straight line, f/p - phantasmal warrior
Aim: a phantasmal warrior (severely damaged, 85% to hit)
Okay, then.
Magic courses through your body. The phantasmal warrior hits you!!
Ouch! That really hurt!
You die...

..........#
###''###### .##''#
.##..# .##..#
.##..#### #+######
.##..#..#####.##...#
.##..#....##...#.m.#
.##..'.....#...#@..#
###..†..)..'...ZW).+
###..'.....#...#...#
[##..#....##...#...#
.##..#..#####.##...#
)##..####s..#+######.
)##..##..............
)##..#..............#
#####################


You could see a merfolk avatar (mesmerising), a phantasmal warrior and an adder
zombie.

Vanquished Creatures
  A rakshasa (D)
  Sonja (D)
  A cane toad (D)
  A polar bear (D)
  Grinder (D)
  A ynoxinul (D)
  A sky beast (D)
  An ogre (D)
  A phantom (D)
  A bullfrog (D)
  A quasit (D)
  4 orc priests (D)
  A gnoll bouda (D)
  2 orc wizards (D)
  A mummy (D)
  4 gnolls (D)
  A river rat (D)
  An adder zombie (D)
  A worm (D)
  2 orcs (D)
  2 bats (D)
  2 endoplasms (D)
  6 jackals (D)
  2 quokkas (D)
  A frilled lizard (D)
41 creatures vanquished.

Notes
Turn   | Place    | Note
-------+----------+-------------------------------------------
     0 | D        | mhtbhm the Gargoyle Earth Elementalist began the quest for
                  | the Orb.
     0 | D        | Reached XP level 1. HP: 10/10 MP: 3/3
    11 | D        | Reached skill level 4 in Earth Magic
    16 | D        | Found a bloodstained altar of Trog.
    16 | D        | Found a shimmering blue altar of Sif Muna.
    16 | D        | Found a viscous altar of Jiyva.
    16 | D        | Found a hazy altar of Hepliaklqana.
    16 | D        | Found an opulent altar of Gozag.
    17 | D        | Found a glowing golden altar of the Shining One.
    17 | D        | Found a glowing silver altar of Zin.
    17 | D        | Found a basalt altar of Yredelemnul.
    17 | D        | Found a shimmering altar of Xom.
    17 | D        | Found an ornate altar of the Wu Jian Council.
    17 | D        | Found a sacrificial altar of Ru.
    17 | D        | Found a stormy altar of Qazlal.
    17 | D        | Found an iron altar of Okawaru.
    17 | D        | Found a sparkling altar of Nemelex Xobeh.
    17 | D        | Found a burning altar of Makhleb.
    17 | D        | Found a blossoming altar of Fedhas.
    17 | D        | Found a white marble altar of Elyvilon.
    17 | D        | Found a shadowy altar of Dithmenos.
    17 | D        | Found a snail-covered altar of Cheibriados.
    19 | D        | Found a radiant altar of Vehumet.
    19 | D        | Found a corrupted altar of Lugonu.
    20 | D        | Found a hide-covered altar of Uskayaw.
    20 | D        | Found an ancient bone altar of Kikubaaqudgha.
    20 | D        | Found a broken altar of Ashenzari.
    30 | D        | Became a worshipper of Vehumet
   177 | D        | Reached skill level 5 in Earth Magic
   177 | D        | Reached XP level 2. HP: 15/15 MP: 0/6
   343 | D        | Learned a level 2 spell: Passwall
   355 | D        | Reached * piety under Vehumet
   355 | D        | Offered knowledge of Foxfire by Vehumet.
   380 | D        | Reached ** piety under Vehumet
   381 | D        | Reached XP level 3. HP: 19/19 MP: 4/8
   385 | D        | Learned a level 3 spell: Stone Arrow
   412 | D        | Noticed a bullfrog
   415 | D        | Killed a bullfrog
   416 | D        | Reached skill level 5 in Spellcasting
   416 | D        | Reached skill level 1 in Transmutations
   416 | D        | Reached skill level 8 in Earth Magic
   416 | D        | Reached XP level 4. HP: 19/24 MP: 6/11
   422 | D        | Learned a level 4 spell: Petrify
   424 | D        | Learned a level 1 spell: Foxfire
   522 | D        | Offered knowledge of Shock by Vehumet.
   530 | D        | Reached *** piety under Vehumet
   531 | D        | Reached XP level 5. HP: 28/28 MP: 4/13
   532 | D        | Reached skill level 9 in Earth Magic
   537 | D        | Reached **** piety under Vehumet
   539 | D        | Reached skill level 1 in Conjurations
   539 | D        | Reached skill level 10 in Earth Magic
   549 | D        | Reached XP level 6. HP: 26/32 MP: 8/16
   552 | D        | Reached ***** piety under Vehumet
   553 | D        | Reached skill level 11 in Earth Magic
   745 | D        | Offered knowledge of Searing Ray by Vehumet.
   870 | D        | Noticed an alligator snapping turtle
   881 | D        | Learned a level 2 spell: Searing Ray
  1415 | D        | Offered knowledge of Hailstorm by Vehumet.
  1499 | D        | Noticed Grinder
  1506 | D        | Paralysed by Grinder for 3 turns
  1509 | D        | Killed Grinder
  1509 | D        | Reached ****** piety under Vehumet
  1510 | D        | Reached skill level 12 in Earth Magic
  1510 | D        | Reached XP level 7. HP: 36/36 MP: 8/19
  1906 | D        | Noticed a polar bear
  1906 | D        | Noticed a cane toad
  1908 | D        | Offered knowledge of Yara's Violent Unravelling by Vehumet.
  1909 | D        | Reached skill level 13 in Earth Magic
  1912 | D        | Killed a cane toad
  1913 | D        | Reached skill level 10 in Spellcasting
  1913 | D        | Reached XP level 8. HP: 21/41 MP: 8/22
  1915 | D        | Killed a polar bear
  1916 | D        | Reached skill level 14 in Earth Magic
  2089 | D        | Noticed a ynoxinul
  2099 | D        | Offered knowledge of Eringya's Noxious Bog by Vehumet.
  2106 | D        | Killed a ynoxinul
  2263 | D        | Noticed a demonic crawler
  2263 | D        | Noticed Sonja
  2271 | D        | Killed Sonja
  2272 | D        | Reached skill level 5 in Stealth
  2272 | D        | Reached skill level 15 in Earth Magic
  2272 | D        | Reached XP level 9. HP: 45/45 MP: 20/25
  2286 | D        | Learned a level 6 spell: Eringya's Noxious Bog
  2300 | D        | Noticed a merfolk avatar
  2303 | D        | Noticed a phantasmal warrior
  2303 | D        | Noticed a rakshasa
  2309 | D        | Killed a rakshasa
  2310 | D        | Reached skill level 5 in Conjurations
  2315 | D        | Slain by a phantasmal warrior

Illustrated notes

Levels and vault maps discovered:
D:        pitsprint [storerooms_1, entrance_room_1, metal_vault_1, armoury_3,
          mini_pit_1, grid_room_1, main_hall_1, silver_pit, the_coven_1,
          the_vestibule_1, steel_vault_3, golden_pit, hallway_of_sentries,
          crystal_vault_5, iron_vault_4, final_vault]

Skill      XL: |  1  2  3  4  5  6  7  8  9 |
---------------+----------------------------+-----
Earth Magic    | 5 8 10 12 13 15 | 15.8
Dodging        | 2 3 4 |  4.0
Spellcasting   | 3 5 7 9 10 12 13 | 13.1
Stealth        | 3 4 5 |  5.2
Transmutations | 1 2 3 4 |  4.6
Conjurations   | 1 2 4 5 |  5.5

Action                   |  1- 3 |  4- 6 |  7- 9 || total
-------------------------+-------+-------+-------++-------
Melee: Quarterstaff      |     1 |       |       ||     1
 Cast: Sandblast         |    14 |    36 |     9 ||    59
       Stone Arrow       |       |    10 |    26 ||    36
       Petrify           |       |     8 |     5 ||    13
       Searing Ray       |       |     1 |       ||     1
  Use: Potion            |     1 |     7 |     5 ||    13
       Scroll            |       |     1 |     1 ||     2
Armor: Robe              |     3 |    17 |    11 ||    31
Dodge: Dodged            |    10 |    18 |    14 ||    42

Table legend: (Time is in decaauts)
 A = Elapsed time spent in this place.
 B = Non-inter-level travel time spent in this place.
 C = Inter-level travel time spent in this place.
 D = Time resting spent in this place.
 E = Time spent auto-exploring this place.
 F = Levels seen in this place.
 G = Mean time per level.
                   A        B        C        D        E       F      G
               +--------+--------+--------+--------+--------+-----+--------+
         Total |   2323 |   2323 |      0 |   1673 |     82 |   1 | 2323.0 |
       Dungeon |   2323 |   2323 |      0 |   1673 |     82 |   1 | 2323.0 |
               +--------+--------+--------+--------+--------+-----+--------+

Top non-repeatable levels by time:
       D: 2323 daAuts
